General information
			
			
        
        - name: BNet
 
        - type: Ladder 1vs1/FFA
 
        - host: Battle.net
 
        - saver: AShamefulNiggr
 
        
map: EchoIsles 
        - players: 2
 
        - length: 07:26
 
        - speed: Fast
 - version: 1.22 W3XP
 - replay type:  Public
 
» download(29 KB)
Players
        team 1 (winner) 
              
              
AShamefulNiggr (
purple | 117 APM | 874 actions | 07:26)
              
 4 Mountain King 
 2 Storm Bolt
 2 Bash
 
                » actions 
                
                | Assign group hotkey | 17 |  | 
| Basic commands | 40 |  | 
| Build / train | 33 |  | 
| Enter build submenu | 15 |  | 
| Enter hero's abilities submenu | 4 |  | 
| Remove unit from queue | 1 |  | 
| Right click | 384 |  | 
| Select / deselect | 185 |  | 
| Select group hotkey | 157 |  | 
| Use ability | 38 |  | 
                874 total
 » units 
                
                | Peasant | 14 |  | 
| Footman | 7 |  | 
| Forest Troll Shadow Priest | 2 |  | 
| Forest Troll Berserker | 1 |  | 
                24 total
 » buildings
                
                | Farm | 5 |  | 
| Altar of Kings | 1 |  | 
| Barracks | 1 |  | 
| Lumber Mill | 1 |  | 
| Scout Tower | 3 |  | 
| Town Hall | 1 |  | 
| Arcane Tower | 1 |  | 
| Arcane Vault | 1 |  | 
| Guard Tower | 1 |  | 
                15 total
 » build order
                00:07 Farm
00:11 Altar of Kings
00:15 Barracks
01:05 Farm
01:50 Farm
02:35 Farm
03:35 Farm
03:39 Lumber Mill
04:33 Scout Tower
04:55 Town Hall
05:05 Arcane Tower
05:46 Scout Tower
06:06 Arcane Vault
06:15 Guard Tower
07:06 Scout Tower
» items
                 
               team 2 (loser) 
              
              
Tsunamis (
teal | 90 APM | 670 actions | 07:25)
              
 2 Far Seer 
 1 Feral Spirit
 1 Chain Lighting
 1 Firelord 
 1 Summon Lava Spawn
 
                » actions 
                
                | Assign group hotkey | 12 |  | 
| Basic commands | 39 |  | 
| Build / train | 31 |  | 
| Enter build submenu | 8 |  | 
| Enter hero's abilities submenu | 3 |  | 
| Right click | 328 |  | 
| Select / deselect | 142 |  | 
| Select group hotkey | 76 |  | 
| Use ability | 30 |  | 
                670 total
 » units 
                » upgrades
                
                | Berserker Strength | 1 |  | 
| Ensnare | 1 |  | 
                2 total
 » buildings
                
                | Altar of Storms | 1 |  | 
| Orc Burrow | 3 |  | 
| Barracks | 1 |  | 
| Stronghold | 1 |  | 
| Voodoo Lounge | 1 |  | 
| Beastiary | 1 |  | 
                8 total
 » build order
                00:09 Altar of Storms
00:20 Orc Burrow
00:35 Barracks
01:30 Orc Burrow
02:33 Stronghold
02:49 Voodoo Lounge
03:50 Orc Burrow
04:56 Beastiary
» items
                
                | Healing Salve | 1 |  | 
| Lesser Clarity Potion | 1 |  | 
| Scroll of Speed | 1 |  | 
                3 total
  
                Chat log
          
(04:37 / All) Tsunamis: time's up